 Dungeon Crawl Stone Soup version 0.21-a0-414-gba8bdf1 (webtiles) character file.

3 mhoghedin the Sneak (level 1, -1/7 HPs)
             Began as a Felid Venom Mage on Nov 2, 2017.
             Slain by a leopard gecko (3 damage)
             ... on level 1 of the Dungeon.
             The game lasted 00:00:45 (125 turns).

mhoghedin the Sneak (Felid Venom Mage)               Turns: 125, Time: 00:00:46

Health: -1/7       AC:  1    Str:  4    XL:     1   Next: 41%
Magic:  0/4        EV: 18    Int: 16    God:
Gold:   0          SH:  0    Dex: 16    Spells: 3/4 levels left
                                        Lives:  0   Deaths: 0

rFire    . . .     SeeInvis +   (weapon unavailable)
rCold    . . .     Gourm    .   (shield unavailable)
rNeg     . . .     Faith    .   (armour unavailable)
rPois    .         Spirit   .   (helmet unavailable)
rElec    .         Reflect  .   (cloak unavailable)
rCorr    .         Harm     .   (gloves unavailable)
MR       .....                  (boots unavailable)
Stlth    +++.......             (no amulet)
HPRegen  0.02/turn              (no ring)
MPRegen  0.09/turn              (no ring)

@: quick
A: no armour, no weapons or thrown items, stealth, claws 1, fangs 3, see
invisible, carnivore 3, speed 1, shaggy fur 1, slow metabolism 1, sharp paws
a: no special abilities


You were on level 1 of the Dungeon.
You were not hungry.

You visited 1 branch of the dungeon, and saw 1 of its levels.

Inventory:

Scrolls
 c - a scroll of noise {unknown}
Books
 a - a Young Poisoner's Handbook
Comestibles
 b - a meat ration {@e2}


   Skills:
 + Level 2.8 Dodging
 + Level 2.8 Stealth
 + Level 2.0 Spellcasting
 - Level 0.9 Conjurations
 + Level 2.7 Poison Magic


You had 3 spell levels left.
You knew the following spells:

 Your Spells              Type           Power        Failure   Level  Hunger
a - Sting                 Conj/Pois      #...         10%         1    #......


Dungeon Overview and Level Annotations

Branches:
Dungeon (1/15)

Altars:


Innate Abilities, Weirdness & Mutations

You cannot wear armour.
You are incapable of wielding weapons or throwing items.
Your paws allow you to move quietly. (Stealth)
You have sharp claws.
You have razor-sharp teeth.
You have supernaturally acute eyesight. (SInv)
You are carnivorous and can eat meat at any time.
You cover ground quickly.
You are covered in fur. (AC +1)
You have a slow metabolism.
Your sharp claws are effective at attacking unaware monsters.


Message History

Welcome, mhoghedin the Felid Venom Mage.
The bosom of this dungeon contains the fabled artefact, the Orb of Zot.
Found a leather armour.
Found a staircase leading out of the dungeon.
There is a dry fountain here.
A giant cockroach comes into view.
A giant cockroach is nearby!
Aim: a giant cockroach (clinging, resting)
The sting hits the giant cockroach.
The giant cockroach is poisoned.
You now have 3/4 mp.
You scratch the giant cockroach.
You kill the giant cockroach!
You start resting.
MP restored: 4 A kobold comes into view.
It is wielding a short sword.
A kobold is nearby!
You can't see any susceptible monsters within range! (Use Z to cast anyway.) Unknown command.
The kobold shouts!
Aim: a kobold, wielding a short sword The sting hits the kobold.
You now have 3/4 mp.
Aim: a kobold, wielding a short sword (moderately wounded)
The sting misses the kobold.
You now have 2/4 mp.
Aim: a kobold, wielding a short sword (moderately wounded)
The sting hits the kobold.
You kill the kobold!
You now have 1/4 mp.
You start resting.
MP restored: 4
There is a dry fountain here.
You see here a short sword.
c - a scroll labeled SENGEN JARCHAS A kobold comes into view.
It is wielding a dagger.
A kobold is nearby!
A kobold is nearby!
Aim: a kobold, wielding a dagger (resting)
The sting hits the kobold.
The kobold shouts!
You hear an angry hiss.
A leopard gecko comes into view.
You now have 3/4 mp.
Unknown command.
Aim: a kobold, wielding a dagger (moderately wounded)
The sting hits the kobold.
The kobold is poisoned.
You kill the kobold!
You now have 2/4 mp.
Aim: a leopard gecko The sting misses the leopard gecko.
You now have 1/4 mp.
Aim: a leopard gecko (clinging)
The sting hits the leopard gecko.
You now have 0/4 mp.
Aim: a leopard gecko (clinging)
The sting hits the leopard gecko.
The leopard gecko appears unharmed.
You now have 0/4 mp.
There is a dry fountain here.
The leopard gecko bites you but does no damage.
The leopard gecko hisses menacingly.
Aim: a leopard gecko (clinging)
The sting hits the leopard gecko.
The leopard gecko is poisoned.
The leopard gecko closely misses you.
You now have 0/4 mp.
There is a dry fountain here.
The leopard gecko looks more healthy.
Aim: a leopard gecko (severely wounded)
The sting misses the leopard gecko.
The leopard gecko bites you.
Ouch! That really hurt!
* * * LOW HITPOINT WARNING * * *
You take 5 damage, and have 2/7 hp.
MASSIVE DAMAGE!!
You now have 0/4 mp.
The leopard gecko bites you.
You die...

##.##.........<....[.....
#........................
#.⌠.###.####.####.####.#
#...###.####.####.##
#.####...##...##..?# #.##
#.⌠.##.⌠.##.⌠.#
#..###...##...##...#
##...##.####.####.####.#
###...........@l........
######################


You could see a leopard gecko.

Vanquished Creatures
  A giant cockroach (D:1)
  2 kobolds (D:1)
3 creatures vanquished.

Notes
Turn   | Place    | Note
-------+----------+-------------------------------------------
     0 | D:1      | mhoghedin the Felid Venom Mage began the quest for the Orb.
     0 | D:1      | Reached XP level 1. HP: 7/7 MP: 4/4
   125 | D:1      | Slain by a leopard gecko

Vault maps used:
D:1:      dpeg_arrival_chambers_temple_mockup

Action                   || total
-------------------------++-------
Melee: Unarmed           ||     1
 Cast: Sting             ||    11
Armor: Skin              ||     1
Dodge: Dodged            ||     1

Table legend:
 A = Spawn XP
 B = Non-spawn XP
 C = Spawn XP percentage of total XP
 D = Spawn monster count
 E = Non-spawn monster count
 F = Spawn count percentage of total count
 G = Total turns spent on level
                    A         B        C        D         E        F      G
               +---------+---------+-------+---------+---------+-------+---------
         Total |       0 |       5 |   0.0 |       0 |       3 |   0.0 |   125
               +---------+---------+-------+---------+---------+-------+---------
           D:1 |       0 |       5 |   0.0 |       0 |       3 |   0.0 |   125
               +---------+---------+-------+---------+---------+-------+---------

Vault maps used:
D:1:      dpeg_arrival_chambers_temple_mockup

Table legend:
 A = Turns spent in this place as a percentage of turns spent in the entire game.
 B = Non-inter-level travel turns spent in this place as a percentage of non-inter-level travel turns spent in the entire game.
 C = Inter-level travel turns spent in this place as a percentage of turns spent in this place.
 D = Turns resting spent in this place as a percentage of non-inter-level travel turns spent in this place.
 E = Turns spent auto-exploring this place as a percentage of non-inter-level travel turns spent in this place.
 F = Non-inter-level travel turns spent in this place divided by the number of levels of this place that you've seen.
                   A       B       C       D       E      F
               +-------+-------+-------+-------+-------+----------------------
         Total | 100.0 | 100.0 |   0.0 |  31.2 |  24.8 | 125.0
       Dungeon | 100.0 | 100.0 |   0.0 |  31.2 |  24.8 | 125.0
               +-------+-------+-------+-------+-------+----------------------

Table legend:
 A = Kills in this place as a percentage of kills in entire the game.
 B = Kills by you in this place as a percentage of kills by you in the entire game.
 C = Kills by friends in this place as a percentage of kills by friends in the entire game.
 D = Other kills in this place as a percentage of other kills in the entire game.
 E = Experience gained in this place as a percentage of experience gained in the entire game.
 F = Experience gained in this place divided by the number of levels of this place that you have seen.
                   A       B       C       D       E      F
               +-------+-------+-------+-------+-------+----------------------
         Total | 100.0 | 100.0 |   N/A |   N/A | 100.0 |   5.0
       Dungeon | 100.0 | 100.0 |   N/A |   N/A | 100.0 |   5.0
               +-------+-------+-------+-------+-------+----------------------
